 Dungeon Crawl Stone Soup version 0.27.0-1-g7a089689b8 (webtiles) character file.

Game seed: 7415038197171485258

19490 sanka the Nimble (level 12, -4/87 HPs)
             Began as an Octopode Arcane Marksman on Aug 10, 2021.
             Was a High Priest of Okawaru.
             Slain by an entropy weaver (14 damage)
             ... in a Gauntlet.
             The game lasted 00:34:43 (19835 turns).

sanka the Nimble (Octopode Arcane Marksman)        Turns: 19835, Time: 00:34:46

Health: -4/87      AC:  1    Str: 23    XL:     12   Next: 69%
Magic:  13/15      EV: 22    Int: 22    God:    Okawaru [*****.]
Gold:   821        SH:  5    Dex: 15    Spells: 12/13 levels left

rFire    . . .     SeeInvis .     - Unarmed
rCold    . . .     Faith    .   (no shield)
rNeg     + . .     Spirit   .   (helmet restricted)
rPois    +         Reflect  +   D - amulet of reflection
rElec    .         Harm     .   f - +6 ring of strength
rCorr    .         Rampage  .   (no ring)
Will     +....     NoTele   +   v - +6 ring of strength
Stlth    ++++......             j - ring of poison resistance
HPRegen  0.24/turn              d - ring of willpower
MPRegen  0.14/turn              w - ring of positive energy
                                n - +6 ring of intelligence
                                (no ring)

@: heroic
A: almost no armour, amphibious, 8 rings, camouflage 1, gelatinous body 1,
(nimble swimmer 1), tentacles
a: Renounce Religion, Heroism, Finesse


You were in a Gauntlet.
You worshipped Okawaru.
Okawaru was extremely pleased with you.
You visited 3 branches of the dungeon, and saw 15 of its levels.
You also visited: Gauntlet.

You collected 821 gold pieces.


Innate Abilities, Weirdness & Mutations

You cannot wear most types of armour.
You are amphibious.
You can wear up to eight rings at the same time.
Your skin changes colour to match your surroundings (Stealth+).
Your rubbery body absorbs attacks. (AC +1, EV +1)
((You are camouflaged near water. (Stealth+)))
You have tentacles for arms and can constrict up to eight enemies at once.


   Skills:
 + Level 9.8(14.8) Fighting
 - Level 2.0(7.0) Crossbows
 + Level 12.3(17.3) Dodging
 + Level 12.3(17.3) Unarmed Combat
 - Level 1.0 Spellcasting
 - Level 3.0 Hexes
 + Level 5.2 Invocations


You had 12 spell levels left.
You knew the following spells:

 Your Spells              Type           Power      Damage    Failure   Level
Z - Corona                Hex            15%        N/A       4%          1

Your spell library contained the following spells:

 Spells                   Type           Power      Damage    Failure   Level
 Slow                     Hex            14%        N/A       7%          2
 Tukima's Dance           Hex            14%        N/A       13%         3
 Static Discharge         Conj/Air       1%         N/A       22%         2
 Inner Flame              Hex/Fire       7%         N/A       24%         3
 Portal Projectile        Hex/Tloc       14%        N/A       24%         3
 Cause Fear               Hex            7%         N/A       41%         4
 Dispel Undead            Necr           1%         3d6       83%         4
 Passage of Golubria      Tloc           N/A        N/A       83%         4
 Sticky Flame             Conj/Fire      1%         2d3       83%         4
 Yara's Violent Unravell  Hex/Tmut       3%         3d4       92%         5
 Fireball                 Conj/Fire      0%         3d3       99%         5
 Lightning Bolt           Conj/Air       0%         1d11      99%         5
 Starburst                Conj/Fire      0%         8x6d3     100%        6
 Malign Gateway           Summ/Tloc      0%         N/A       100%        7
 Ignition                 Fire           0%         3d3       100%        8
 Maxwell's Capacitive Co  Air            0%         ∞         100%        8
 Summon Horrible Things   Summ           0%         N/A       100%        8

Inventory:

Hand Weapons
 a - a +0 hand crossbow
Missiles
 c - 70 bolts
 t - 20 poisoned darts (quivered)
Jewellery
 d - a ring of willpower (on tentacle)
 f - a +6 ring of strength (left tentacle)
 i - a ring of ice
 j - a ring of poison resistance (on tentacle)
 n - a +6 ring of intelligence (on tentacle)
 v - a +6 ring of strength (on tentacle)
 w - a ring of positive energy (on tentacle)
 D - an amulet of reflection (around mantle)
Wands
 p - a wand of polymorph (7)
 q - a wand of flame (21)
 y - a wand of paralysis (5)
 F - a wand of acid (8)
Scrolls
 e - a scroll of torment {!r}
 g - 2 scrolls of fog
 k - 6 scrolls of teleportation {@r4}
 l - 2 scrolls of holy word
 o - a scroll of enchant armour
 u - a scroll of magic mapping
 z - a scroll of acquirement
 B - 2 scrolls of amnesia
Potions
 b - 5 potions of curing {@q1}
 h - 3 potions of attraction {!q}
 m - 2 potions of ambrosia {unknown}
 r - 4 potions of heal wounds {@q2}
 s - a potion of might {unknown}
 x - 2 potions of magic
 A - a potion of experience {unknown}
 C - 2 potions of flight {unknown}
 E - 2 potions of brilliance {unknown}

Dungeon Overview and Level Annotations

Branches:
Dungeon (10/15)            Temple (1/1) D:5            Lair (4/6) D:8
 Shoals (0/4) Lair:4       Spider (0/4) Lair:2      Gauntlet (1/1)
    Orc: D:9-12

Altars:
Ashenzari
Cheibriados
Dithmenos
Elyvilon
Fedhas
Gozag
Hepliaklqana
Kikubaaqudgha
Makhleb
Nemelex Xobeh
Okawaru
Qazlal
Ru
Sif Muna
Trog
Uskayaw
Vehumet
Wu Jian
Xom
Yredelemnul
Zin
The Shining One

Portals:
Abyss: D:5

Annotations:
D:4 1 runed translucent door, Rayvis's ghost, amateur DsGl
D:5 2 transporters, RatCamp's ghost, novice MiBe
D:9 3 runed translucent doors
D:10 exclusion: gargoyle, Snorg
Lair:3 exclusion: 2 death yaks
Lair:4 2 transporters, Hiywul's ghost, journeyman MiHu Gauntlet 9 transporters, 4 runed translucent doors, exclusion: orange crystal statue

▒▒^.▒...≈≈≈≈≈...▒.▒.▒...▒..PPP.≈▒
.^..▒..P▒≈▒≈▒...▒.▒)▒[.▒▒.♣PP..≈≈
©.?.▒...PPP.P...▒...▒.▒©▒...PP.≈▒
▒▒▒▒▒▒▒..P♣P..▒▒▒▒▒▒▒▒▒▒▒▒▒.♣P.▒▒
©....©▒.......▒©....©....©▒....≈▒
▒▒▒▒▒▒▒▒▒▒.▒▒▒▒▒▒▒▒▒▒▒▒▒▒▒▒▒▒▒.≈≈
.▒......h▒.▒.ss▒▒..▒.▒.......▒.≈▒
.▒.▒▒▒▒▒R▒.▒..▒▒B..▒.▒.▒▒▒▒▒.▒.▒▒
.▒^..▒.°☼▒.▒.▒▒.x▒.▒.▒.+...+.▒.≈▒
.▒▒▒▒©▒▒▒▒.▒.▒.©▒▒.▒.▒.▒.©.▒.▒.≈≈
.▒h..▒E.E▒.▒...▒▒..▒.▒.▒≈≈≈▒.▒.≈▒
.▒E▒▒▒▒▒☼▒.▒..▒▒|".▒.▒.▒▒▒▒▒.▒.▒▒
.▒hRhE.?.▒.▒.▒▒sB..▒.▒..[©?)8▒.≈▒
.▒▒▒▒▒▒▒▒▒.▒▒▒▒▒▒▒▒▒.▒▒▒▒▒▒▒▒▒.≈≈
...............................≈▒
♣..P♣P.........P♣P.P♣...♣P.P♣..▒▒
.....PP...∩....P...............≈▒


You could see an entropy weaver.


Message History

The entropy weaver hits you.
You batter the entropy weaver!! You grab the entropy weaver.
You tentacle-slap the entropy weaver.
The entropy weaver is moderately wounded.
You constrict the entropy weaver. The entropy weaver hits you!
The entropy weaver hits you. You block the entropy weaver's attack.
The entropy weaver hits you!
You bludgeon the entropy weaver!
You tentacle-slap the entropy weaver, but do no damage.
The entropy weaver is heavily wounded.
You constrict the entropy weaver. The entropy weaver hits you!
* * * LOW HITPOINT WARNING * * *
The entropy weaver hits you!
* * * LOW HITPOINT WARNING * * *
The entropy weaver hits you!
* * * LOW HITPOINT WARNING * * *
The entropy weaver hits you!
* * * LOW HITPOINT WARNING * * *
You constrict the entropy weaver. The entropy weaver hits you!
* * * LOW HITPOINT WARNING * * *
The entropy weaver hits you!
* * * LOW HITPOINT WARNING * * *
The entropy weaver closely misses you. The entropy weaver hits you!
You die...

Action                   |  1- 3 |  4- 6 |  7- 9 | 10-12 || total
-------------------------+-------+-------+-------+-------++-------
Melee: Unarmed           |    22 |   101 |   138 |   426 ||   687
       Constrict         |     4 |    24 |    21 |    70 ||   119
       Tentacles         |     3 |    18 |    37 |   125 ||   183
       Punch             |       |     3 |    17 |    64 ||    84
 Fire: Hand crossbow     |    58 |    27 |    44 |     6 ||   135
Throw: Dart              |       |       |    12 |    11 ||    23
Invok: Heroism           |       |       |     3 |    36 ||    39
Evoke: Wand              |       |       |    12 |     3 ||    15
  Use: Potion            |       |     4 |     2 |     4 ||    10
       Scroll            |       |       |     7 |     6 ||    13
 Stab: Sleeping          |     1 |     6 |     4 |     9 ||    20
       Distracted        |       |       |       |     2 ||     2
Armor: Skin              |     8 |    10 |     9 |     2 ||    29
Dodge: Dodged            |    44 |    92 |    99 |   274 ||   509
Block: Other             |       |       |       |    55 ||    55
       Reflection        |       |       |       |     2 ||     2

Levels and vault maps discovered:
D:1:      sevenhm_arrival_forest_fort_small_5, layout_basic
D:2:      layout_basic, basic_altar, uniq_jessica
D:3:      layout_basic, ebering_ecumenical_altar_hall
D:4:      layout_basic, ebering_ghost_inner_flame
D:5:      layout_loops_ring, minmay_temple_entry_statues,
          gammafunk_ghost_abyssal_escape
D:6:      layout_cave_pods, hangedman_decor_slide_cut, minivault_27,
          grunt_ministairs_4, uniq_grinder, uniq_edmund
D:7:      layout_cave_pods, grunt_ministairs_5, uniq_menkaure, uniq_maggie
D:8:      layout_loops_corners, grunt_lair_entry_orc_guard_hut, special_room
          [special_room_orc], serial_glass, glass_columns_a, glass_columns_c,
          eino_jars
D:9:      layout_layer_cave, nicolae_ru_path_of_blood,
          ploomutoo_gammafunk_ghost_potion_laboratory, uniq_erica
D:10:     layout_loops_corners, uniq_snorg
Temple:   compressed_dpeg_circular_temple
Lair:1:   layout_misc_corridors
Lair:2:   layout_regular_city, spider_nest_entry_web_field
Lair:3:   layout_chaotic_city, lemuel_old_faithful
Lair:4:   layout_long_grid, minmay_shoals_entry_beasts, gauntlet_entry_generic,
          nzn_ghost_randoct
Gauntlet: minmay_gauntlet_77_tree [minmay_gauntlet_arena_77_fan,
          minmay_gauntlet_arena_77_radiant_squares,
          minmay_gauntlet_arena_77_hold_the_fort,
          minmay_gauntlet_arena_77_shame_cube,
          minmay_gauntlet_arena_77_two_lines,
          minmay_gauntlet_arena_77_two_paths, minmay_gauntlet_arena_77_cramped,
          gauntlet_exit_watery]

Notes
Turn   | Place    | Note
-------+----------+-------------------------------------------
     0 | D:1      | sanka the Octopode Arcane Marksman began the quest for the
                  | Orb.
     0 | D:1      | Reached XP level 1. HP: 13/13 MP: 2/2
    81 | D:1      | Reached skill level 1 in Unarmed Combat
    81 | D:1      | Reached XP level 2. HP: 18/18 MP: 3/3
   971 | D:2      | Reached XP level 3. HP: 23/23 MP: 4/4
  1430 | D:2      | Reached skill level 2 in Unarmed Combat
  1432 | D:2      | Noticed Jessica
  1435 | D:2      | Killed Jessica
  1436 | D:2      | Reached skill level 3 in Dodging
  1436 | D:2      | Reached XP level 4. HP: 28/28 MP: 5/5
  1733 | D:2      | Found a shadowy altar of Dithmenos.
  2258 | D:3      | Reached skill level 3 in Unarmed Combat
  2392 | D:3      | Reached XP level 5. HP: 23/33 MP: 6/6
  2608 | D:3      | Found a faded altar of an unknown god.
  3253 | D:4      | Noticed an ogre
  3261 | D:4      | Killed an ogre
  3262 | D:4      | Reached skill level 4 in Dodging
  3262 | D:4      | Reached XP level 6. HP: 38/38 MP: 7/7
  3292 | D:4      | Found a runed translucent door.
  3292 | D:4      | Noticed Rayvis's ghost (amateur DsGl)
  3417 | D:4      | Reached skill level 4 in Unarmed Combat
  3758 | D:4      | HP: 1/38 [phantom (7)]
  4412 | D:4      | Reached skill level 5 in Dodging
  4807 | D:5      | Entered Level 5 of the Dungeon
  4825 | D:5      | Reached XP level 7. HP: 32/43 MP: 8/8
  5202 | D:5      | Reached skill level 5 in Unarmed Combat
  5645 | D:5      | Reached skill level 6 in Dodging
  5810 | D:4      | Reached skill level 6 in Unarmed Combat
  5810 | D:4      | Reached XP level 8. HP: 48/48 MP: 9/9
  5966 | D:5      | Found a staircase to the Ecumenical Temple.
  6001 | Temple   | Entered the Ecumenical Temple
  6233 | Temple   | Became a worshipper of Warmaster Okawaru
  6309 | D:5      | Found a transporter.
  6311 | D:5      | Found a one-way gate to the infinite horrors of the Abyss.
  6311 | D:5      | Noticed RatCamp's ghost (novice MiBe)
  6325 | D:5      | Found a transporter.
  6357 | D:5      | Reached skill level 7 in Dodging
  6811 | D:6      | Reached skill level 7 in Unarmed Combat
  7301 | D:6      | Reached * piety under Okawaru
  7459 | D:6      | Reached skill level 8 in Dodging
  7705 | D:6      | Reached XP level 9. HP: 53/53 MP: 10/10
  7951 | D:6      | Reached skill level 8 in Unarmed Combat
  7957 | D:6      | Noticed Grinder
  7958 | D:6      | Paralysed by Grinder for 5 turns
  7982 | D:6      | Killed Grinder
  7983 | D:6      | Reached skill level 1 in Invocations
  8030 | D:6      | Reached ** piety under Okawaru
  8033 | D:6      | Reached skill level 2 in Invocations
  8593 | D:6      | Noticed Edmund
  8615 | D:6      | Killed Edmund
  8632 | D:6      | Reached skill level 3 in Invocations
  8897 | D:7      | Reached skill level 9 in Dodging
  8919 | D:7      | Identified +0 acid dragon scales
  8919 | D:7      | Noticed Maggie
  9051 | D:7      | Killed Maggie
  9052 | D:7      | Reached skill level 4 in Invocations
  9125 | D:7      | Reached skill level 9 in Unarmed Combat
  9134 | D:7      | Reached XP level 10. HP: 50/58 MP: 11/13
  9335 | D:7      | Noticed Menkaure
  9340 | D:7      | Killed Menkaure
  9473 | D:7      | Reached skill level 10 in Dodging
 10377 | D:8      | Reached skill level 10 in Unarmed Combat
 10541 | D:8      | Reached skill level 2 in Fighting
 10583 | D:8      | Reached skill level 3 in Fighting
 10594 | D:8      | Found a staircase to the Lair.
 10631 | D:8      | Identified +0 steam dragon scales
 10869 | D:8      | Reached skill level 4 in Fighting
 11375 | D:8      | Reached skill level 5 in Fighting
 11385 | D:8      | Reached *** piety under Okawaru
 11395 | D:8      | Reached skill level 6 in Fighting
 12491 | D:9      | Found a runed translucent gate.
 12491 | D:9      | Found a runed translucent gate.
 12493 | D:9      | Found a runed translucent gate.
 12615 | D:9      | Noticed a manticore
 12625 | D:9      | Killed a manticore
 12626 | D:9      | Reached XP level 11. HP: 37/74 MP: 12/14
 12927 | D:9      | Reached skill level 7 in Fighting
 13406 | D:9      | Noticed a red ugly thing
 13406 | D:9      | Noticed a green ugly thing
 13406 | D:9      | Noticed a brown very ugly thing
 13406 | D:9      | Noticed a white ugly thing
 13406 | D:9      | Noticed a white ugly thing
 13407 | D:9      | Noticed a cyan ugly thing
 13411 | D:9      | Noticed a two-headed ogre
 13451 | D:9      | Killed a two-headed ogre
 13451 | D:9      | Reached **** piety under Okawaru
 13721 | D:9      | Found a sacrificial altar of Ru.
 13779 | D:9      | Noticed Erica
 14449 | D:9      | Killed Erica
 14713 | D:10     | Entered Level 10 of the Dungeon
 14899 | D:10     | Noticed Snorg
 14965 | Lair:1   | Entered Level 1 of the Lair of Beasts
 15076 | Lair:1   | Reached skill level 11 in Dodging
 15076 | Lair:1   | Reached skill level 11 in Unarmed Combat
 15352 | Lair:1   | Reached skill level 8 in Fighting
 16175 | Lair:1   | Reached ***** piety under Okawaru
 16223 | Lair:1   | Reached XP level 12. HP: 72/84 MP: 15/15
 16304 | Lair:1   | Noticed a six-headed hydra
 16487 | Lair:2   | Received a gift from Okawaru
 16488 | Lair:2   | Reached skill level 9 in Fighting
 16538 | Lair:2   | Noticed a six-headed hydra
 17030 | Lair:2   | Found a hole to the Spider Nest.
 17063 | Lair:2   | Received a gift from Okawaru
 17064 | Lair:2   | Reached skill level 12 in Dodging
 17296 | Lair:2   | Noticed a five-headed hydra
 17298 | Lair:2   | Reached skill level 12 in Unarmed Combat
 18165 | Lair:2   | Identified a scroll of acquirement
 18807 | Lair:3   | Noticed a death yak
 18823 | Lair:3   | Noticed a death yak
 18882 | Lair:3   | Noticed a catoblepas
 18889 | Lair:4   | Found a transporter.
 18889 | Lair:4   | Found a transporter.
 18953 | Lair:4   | Noticed Hiywul's ghost (journeyman MiHu)
 18986 | Lair:4   | Found a staircase to the Shoals.
 19090 | Lair:4   | Reached skill level 5 in Invocations
 19128 | Lair:4   | Found a gate leading to a gauntlet.
 19137 | Gauntlet | Entered a Gauntlet
 19137 | Gauntlet | Found a transporter.
 19336 | Gauntlet | Found a transporter.
 19338 | Gauntlet | Found a transporter.
 19349 | Gauntlet | Found a transporter.
 19352 | Gauntlet | Found a transporter.
 19355 | Gauntlet | Found a runed translucent door.
 19356 | Gauntlet | Noticed a catoblepas
 19357 | Gauntlet | Found a runed translucent door.
 19359 | Gauntlet | Found a transporter.
 19380 | Gauntlet | Found a transporter.
 19391 | Gauntlet | Found a transporter.
 19393 | Gauntlet | Noticed an entropy weaver
 19402 | Gauntlet | Found a transporter.
 19417 | Gauntlet | Found a runed translucent door.
 19417 | Gauntlet | Found a runed translucent door.
 19421 | Gauntlet | Found a transporter.
 19424 | Gauntlet | Found a transporter.
 19435 | Gauntlet | Found a transporter.
 19484 | Gauntlet | Found a transporter.
 19498 | Gauntlet | Found a transporter.
 19590 | Gauntlet | Received a gift from Okawaru
 19781 | Gauntlet | Identified the +1 helmet "Biril" {-Tele Rampage Str+5
                  | Dex+4}
 19834 | Gauntlet | HP: 1/87 [entropy weaver (11)]
 19835 | Gauntlet | Slain by an entropy weaver

Vanquished Creatures
  Erica (D:9)
  A two-headed ogre (D:9)
  A wizard (Gauntlet)
  A manticore (D:9)
  2 elephants (Lair:3)
  5 cane toads
  Maggie (D:7)
  9 komodo dragons
  A rime drake (Lair:4)
  A wind drake (Lair:4)
  A troll (D:9)
  Grinder (D:6)
  8 blink frogs
  A wyvern (D:9)
  22 yaks
  A vampire (D:9)
  A steam dragon (D:8)
  Menkaure (D:7)
  3 swamp worms (Gauntlet)
  Edmund (D:6)
  11 water moccasins
  2 ice beasts (D:5)
  A sky beast (D:5)
  5 orc warriors
  2 necrophages
  3 black bears
  3 ogres
  5 wolves (Lair:1)
  6 centaurs
  A phantom (D:4)
  A kobold brigand (D:7)
  8 bullfrogs
  5 scorpions
  10 killer bees
  3 howler monkeys
  9 wights
  4 centaur zombies
  5 jellies
  2 centaur skeletons
  4 hounds
  2 orc priests (D:8)
  Jessica (D:2)
  3 iguanas
  A scorpion zombie (D:5)
  4 orc wizards
  A killer bee zombie (D:4)
  A howler monkey zombie (D:9)
  4 adders
  A howler monkey skeleton (D:7)
  2 shadow imps
  4 white imps
  An ufetubus (D:5)
  A worm (D:2)
  3 dart slugs
  32 orcs
  An endoplasm (D:2)
  7 giant cockroaches
  5 hobgoblins
  4 jackals (D:1)
  3 quokkas
  9 ball pythons
  4 bats
  6 goblins
  4 kobolds
  7 rats
264 creatures vanquished.

Vanquished Creatures (others)
  A demonic plant (Gauntlet)
  30 fungi
  26 plants
57 creatures vanquished.

Grand Total: 321 creatures vanquished
